 Dungeon Crawl Stone Soup version 0.20-a0-555-gf6ae02d (webtiles) character file.

3829 AlphabetPasta the Destroyer (level 10, -9/53 HPs)
             Began as a Tengu Conjurer on Feb 3, 2017.
             Was an Elder of Vehumet.
             Mangled by a hornet (10 damage)
             ... while paralysed by a hornet
             ... on level 9 of the Dungeon.
             The game lasted 00:48:44 (10255 turns).

AlphabetPasta the Destroyer (Tengu Conjurer)       Turns: 10255, Time: 00:48:45

Health: -9/53      AC:  6    Str:  9    XL:     10   Next: 17%
Magic:  12/23      EV:  2    Int: 18    God:    Vehumet [****..]
Gold:   398        SH:  0    Dex: 15    Spells: 10/25 levels left

rFire    . . .     SeeInvis .   m - +4 quarterstaff (venom)
rCold    . . .     Gourm    .   a - +0 robe
rNeg     . . .     Faith    .   (shield currently unavailable)
rPois    .         Spirit   .   (helmet restricted)
rElec    .         Reflect  .   u - +0 cloak
rCorr    .         Harm     .   e - +2 pair of gloves
MR       .....                  (boots unavailable)
Stlth    ++........             t - amulet of regeneration
Regen    0.6/turn               (no ring)
                                x - +2 ring of evasion

@: paralysed, lethally poisoned (-9 -> -16), very slightly contaminated, hasted
and slowed
A: beak, talons 3, wild magic 1, able to fly 1
a: Fly, Renounce Religion


You were on level 9 of the Dungeon.
You worshipped Vehumet.
Vehumet was greatly pleased with you.
You were hungry.

You visited 1 branch of the dungeon, and saw 9 of its levels.
You also visited: Ossuary.

You collected 398 gold pieces.

Inventory:

Hand Weapons
 l - a +0 dagger
 m - a +4 quarterstaff of venom (weapon)
Armour
 a - a +0 robe (worn)
 e - a +2 pair of gloves (worn)
 u - a +0 cloak (worn)
Jewellery
 t - an amulet of regeneration (around neck)
 x - a +2 ring of evasion (left hand)
Wands
 d - a wand of lightning (2/15)
 g - a wand of acid (12/15)
 n - a wand of flame (26/48)
Scrolls
 i - 4 scrolls of amnesia
 r - 6 scrolls of remove curse
 s - a scroll of fog
 y - a scroll of blinking
Potions
 f - 2 potions of ambrosia
 h - 5 potions of curing
 j - a potion of resistance
 k - 4 potions of heal wounds
 v - 5 potions of flight
 w - a potion of might {unknown}
 A - a potion of cancellation {unknown}
 B - a potion of brilliance
Books
 b - a book of Conjurations

   Spells                             Type                      Level
   a - Magic Dart                     Conjuration                  1
   b - Searing Ray                    Conjuration                  2
   c - Dazzling Spray                 Conjuration/Hexes            3
   d - Fulminant Prism                Conjuration/Hexes            4
   e - Iskenderun's Mystic Blast      Conjuration                  4
   f - Iskenderun's Battlesphere      Conjuration/Charms           5
Comestibles
 c - 8 bread rations
 o - 2 meat rations
 q - 3 fruits
 z - a royal jelly


   Skills:
 - Level 2.0 Fighting
 - Level 2.1 Staves
 + Level 4.8 Dodging
 - Level 2.0 Stealth
 * Level 8.2 Spellcasting
 * Level 13.0 Conjurations
 + Level 2.9 Ice Magic


You had 10 spell levels left.
You knew the following spells:

 Your Spells              Type           Power        Failure   Level  Hunger
a - Magic Dart            Conj           ####         1%          1    None
b - Searing Ray           Conj           ######       1%          2    None
c - Dazzling Spray        Conj/Hex       #####.       1%          3    #......
d - Iskenderun's Mystic   Conj           ######..     1%          4    ###....
e - Throw Frost           Conj/Ice       #####.       1%          2    None
f - Ignite Poison         Fire/Tmut/Pois #.......     11%         3    #......


Dungeon Overview and Level Annotations

Branches:
Dungeon (9/15)             Temple (0/1) D:5
   Lair: D:8-11         Orc: D:9-12

Altars:
Vehumet

Shops:
D:6 *


Innate Abilities, Weirdness & Mutations

You have a beak for a mouth.
You have claws for feet.
You can fly.
Your spells are a little harder to cast, but a little more powerful.


Message History

You feel sick. The hornet stings you!
You are more poisoned.
You feel yourself slow down. The hornet stings you!
* * * LOW HITPOINT WARNING * * *
You are more poisoned.
You feel as though you will be slow longer.
You feel better. The hornet completely misses you. x2
You feel yourself speed up. The hornet stings you.
You are poisoned.
You suddenly lose the ability to move!
The hornet stings you!
* * * LOW HITPOINT WARNING * * *
You are lethally poisoned!
You shrug off the repeated paralysis!
You are very lightly contaminated with residual magic.
* * * LOW HITPOINT WARNING * * *
You feel sick. The hornet stings you.
* * * LOW HITPOINT WARNING * * *
You feel as though you will be slow longer.
The hornet stings you!
You die...

#.......#...(.#
###(..$.#.....[.####
.......##.........#
##..h..###....(.###
#...h..# #.....(#
###......# #..)<.##
##........# #.).).#
........#####.>...#
.!.####.hhy@)##.###
.# ######..#.#
##.#.# #.... ###..
###.. ..


You could see a hornet and 2 howler monkeys.

Vanquished Creatures
  A wraith (Ossuary)
  Grum (D:8)
  Duvessa (D:4)
  A phantom (D:7)
  An orc warrior (D:8)
  A sky beast (D:7)
  A black bear (D:6)
  2 ice beasts
  3 wolves (D:8)
  4 ogres
  A centaur (D:6)
  Blork the orc (D:5)
  A big kobold (D:9)
  3 bullfrogs
  A gnoll sergeant (D:8)
  Dowan (D:4)
  2 scorpions
  5 wights (D:7)
  A killer bee (D:7)
  A howler monkey (D:9)
  2 crimson imps (D:7)
  2 bullfrog zombies
  2 quasits
  2 bullfrog skeletons
  A human zombie (Ossuary)
  2 orc priests
  5 hounds
  7 orc wizards
  Crazy Yiuf (D:7)
  4 iguanas
  8 worker ants
  A hound zombie (D:7)
  3 mummies (Ossuary)
  A worker ant zombie (D:5)
  8 gnolls
  11 adders
  An ooze (D:3)
  An adder zombie (D:7)
  8 worms
  4 dart slugs
  5 leopard geckos
  14 orcs
  12 bats
  3 giant cockroaches
  6 hobgoblins
  8 jackals
  12 kobolds
  5 quokkas
  3 frilled lizards
  7 goblins
  3 goblin zombies (Ossuary)
  4 hobgoblin zombies (Ossuary)
  A jackal skeleton (D:7)
  4 kobold zombies (Ossuary)
  An orc zombie (Ossuary)
  4 rats
199 creatures vanquished.

Notes
Turn   | Place    | Note
-------+----------+-------------------------------------------
     0 | D:1      | AlphabetPasta the Tengu Conjurer began the quest for the Orb.
     0 | D:1      | Reached XP level 1. HP: 10/10 MP: 4/4
   159 | D:1      | Learned a level 1 spell: Magic Dart
   387 | D:1      | Reached XP level 2. HP: 15/15 MP: 3/6
   391 | D:1      | Learned a level 2 spell: Searing Ray
   791 | D:2      | Reached skill level 6 in Conjurations
   971 | D:2      | Reached XP level 3. HP: 19/19 MP: 3/7
   976 | D:2      | Learned a level 3 spell: Dazzling Spray
  1034 | D:2      | Found a radiant altar of Vehumet.
  1039 | D:2      | Became a worshipper of Vehumet
  1526 | D:2      | Reached XP level 4. HP: 20/24 MP: 4/8
  1940 | D:2      | Reached skill level 7 in Conjurations
  2162 | D:3      | Noticed an ice beast
  2493 | D:3      | Gained mutation: You can fly. [Tengu growth]
  2493 | D:3      | Reached XP level 5. HP: 28/28 MP: 5/10
  2499 | D:3      | Learned a level 4 spell: Iskenderun's Mystic Blast
  2636 | D:3      | Reached * piety under Vehumet
  2636 | D:3      | Offered knowledge of Sandblast by Vehumet.
  3309 | D:4      | Noticed Duvessa
  3526 | D:4      | Reached XP level 6. HP: 32/32 MP: 9/12
  3633 | D:4      | Reached skill level 8 in Conjurations
  4205 | D:4      | Noticed Dowan
  4213 | D:4      | Killed Dowan
  4474 | D:4      | Killed Duvessa
  4474 | D:4      | Reached skill level 9 in Conjurations
  4474 | D:4      | Reached XP level 7. HP: 34/36 MP: 0/15
  4854 | D:5      | Entered Level 5 of the Dungeon
  4861 | D:5      | Gained mutation: Your spells are a little harder to cast, but a little more powerful. [potion of beneficial mutation]
  4905 | D:5      | Found a staircase to the Ecumenical Temple.
  4956 | D:5      | Found a sand-covered staircase.
  4974 | Ossuary  | Entered an ossuary
  4974 | Ossuary  | Noticed a wraith
  4974 | Ossuary  | Noticed a wraith
  4974 | Ossuary  | Noticed a wraith
  5102 | Ossuary  | Noticed a wraith
  5231 | Ossuary  | Reached skill level 5 in Spellcasting
  5235 | Ossuary  | Reached ** piety under Vehumet
  5235 | Ossuary  | Offered knowledge of Sting by Vehumet.
  5456 | Ossuary  | Reached skill level 1 in Staves
  5526 | Ossuary  | Killed a wraith
  5526 | Ossuary  | Reached skill level 1 in Fighting
  5683 | D:5      | Reached XP level 8. HP: 43/43 MP: 14/17
  5697 | D:5      | Noticed Blork the orc
  5720 | D:5      | Killed Blork the orc
  5720 | D:5      | Reached skill level 10 in Conjurations
  6406 | D:5      | Upgraded the game from 0.20-a0-553-g9f38e11 to 0.20-a0-555-gf6ae02d
  6681 | D:6      | Reached skill level 11 in Conjurations
  6779 | D:6      | Reached XP level 9. HP: 48/48 MP: 9/20
  7136 | D:6      | Found Fezuaz's General Store.
  7343 | D:7      | Found a runed door.
  7347 | D:7      | Noticed Crazy Yiuf
  7350 | D:7      | Killed Crazy Yiuf
  7823 | D:7      | Offered knowledge of Throw Frost by Vehumet.
  7827 | D:7      | Learned a level 2 spell: Throw Frost
  8052 | D:7      | Reached skill level 12 in Conjurations
  8176 | D:7      | Reached *** piety under Vehumet
  8176 | D:7      | Reached skill level 1 in Ice Magic
  8711 | D:7      | Offered knowledge of Ignite Poison by Vehumet.
  8716 | D:7      | Learned a level 3 spell: Ignite Poison
  9012 | D:8      | Noticed Grum
  9012 | D:8      | Reached XP level 10. HP: 37/53 MP: 9/22
  9018 | D:8      | Killed Grum
  9923 | D:8      | Reached skill level 13 in Conjurations
 10210 | D:9      | Reached **** piety under Vehumet
 10254 | D:9      | Paralysed by a hornet for 2 turns
 10255 | D:9      | HP: 1/53 [hornet (6)]
 10255 | D:9      | Mangled by a hornet

Vault maps used:
D:1:      zelgadis_glass_arrival_small
D:2:      lemuel_doored_altar
D:3:      first_bread, minmay_liquid_box
D:4:      uniq_duvessa
D:5:      minmay_temple_entry_butterflies, lightli_ossuary_entry_decrepit_ruins,
          serial_bayou_pond_e, uniq_blork_the_orc
D:6:      serial_shops, shop
D:7:      kennysheep_windowed_halls, hex_large, uniq_crazy_yiuf_cottage
D:8:      uniq_grum
D:9:      serial_shops, shop
Ossuary:  ossuary_kennysheep_city_of_the_dead

Skill      XL: |  1  2  3  4  5  6  7  8  9 10 |
---------------+-------------------------------+-----
Conjurations   | 6 7 9 11 12 13 | 13.0
Spellcasting   | 3 4 5 6 7 8 |  8.2
Staves         | 1 2 |  2.1
Fighting       | 1 2 |  2.0
Dodging        | 4 |  4.8
Ice Magic      | 2 |  2.9
Stealth        | |  2.0

Action                   |  1- 3 |  4- 6 |  7- 9 | 10-12 || total
-------------------------+-------+-------+-------+-------++-------
Melee: Dagger            |     5 |     1 |       |       ||     6
       Peck              |     2 |     1 |       |       ||     3
       Kick              |     2 |     2 |       |       ||     4
       Quarterstaff      |       |     3 |     3 |     3 ||     9
 Cast: Magic Dart        |    55 |   112 |   147 |    31 ||   345
       Searing Ray       |     4 |    11 |    58 |    13 ||    86
       Dazzling Spray    |       |     4 |       |       ||     4
       Iskenderun's Myst |       |     1 |     5 |     2 ||     8
Evoke: Wand              |       |       |     1 |       ||     1
  Use: Scroll            |     7 |     6 |    18 |       ||    31
       Potion            |       |     2 |     3 |     2 ||     7
 Stab: Sleeping          |     1 |       |       |       ||     1
       Invisible         |       |     1 |       |       ||     1
  Eat: Chunk             |     3 |     8 |     9 |     3 ||    23
       Fruit             |       |     2 |       |       ||     2
       Royal jelly       |       |       |     3 |       ||     3
Armor: Robe              |     2 |     5 |    11 |     3 ||    21
Dodge: Dodged            |    10 |    21 |    45 |    20 ||    96
